 Dungeon Crawl Stone Soup version 0.17-a0-1129-g5854844 (webtiles) character file.

378 requice the Cleaver (level 6, -2/51 HPs)
             Began as a Minotaur Berserker on May 23, 2015.
             Was a Priest of Trog.
             Slain by Githyanki's ghost (4 damage)
             ... on level 4 of the Dungeon on May 24, 2015.
             The game lasted 00:24:28 (3737 turns).

requice the Cleaver (Minotaur Berserker)            Turns: 3737, Time: 00:24:28

Health: -2/51      AC:  6    Str: 22    XL:     6   Next: 45%
Magic:  5/5        EV: 11    Int:  4    God:    Trog [***...]
Gold:   119        SH:  0    Dex: 11    Spells: 0 memorised, 5 levels left

rFire  . . .     SeeInvis .     d - +1 hand axe (venom)
rCold  . . .     Clarity  .     j - +0 ring mail
rNeg   . . .     SustAt   .     (no shield)
rPois  .         Gourm    .     (helmet restricted)
rElec  .         Spirit   .     (no cloak)
rCorr  .         Warding  .     (no gloves)
rMut   .         Stasis   .     p - +0 pair of boots
MR     .....                    (no amulet)
Stlth  +.........               (no ring)
                                (no ring)

@: not resistant to hostile enchantments, very unstealthy
A: retaliatory headbutt, horns 2
a: Burn Spellbooks, Berserk, Trog's Hand, Renounce Religion


You were on level 4 of the Dungeon.
You worshipped Trog.
Trog was most pleased with you.
You were very hungry.

You visited 1 branch of the dungeon, and saw 4 of its levels.

You collected 119 gold pieces.

Inventory:

Hand weapons
 a - a +0 hand axe
 d - a +1 hand axe of venom (weapon)
Armour
 j - a +0 ring mail (worn)
 p - a +0 pair of boots (worn)
Jewellery
 l - an uncursed ring of sustain attributes {unknown}
 n - an uncursed ring of positive energy {unknown}
Magical devices
 v - a wand of lightning (6)
 w - a wand of enslavement (19)
Scrolls
 f - 4 scrolls of identify {unknown}
 g - a scroll of remove curse {unknown}
 h - 2 scrolls of blinking {unknown}
 k - a scroll of noise {unknown}
 m - a scroll of fog {unknown}
 o - a scroll of amnesia {unknown}
 r - a scroll of magic mapping {unknown}
Potions
 b - 4 potions of magic {unknown}
 e - a potion of curing {unknown}
 i - 2 potions of poison {unknown}
 s - a potion of lignification {unknown}
 t - 2 potions of flight {unknown}
Comestibles
 c - 3 bread rations
 q - 2 fruits
 u - 8 chunks of flesh


   Skills:
 - Level 3.6 Fighting
 + Level 8.5 Axes
 - Level 2.4 Armour
 - Level 2.1 Dodging
 + Level 1.5 Stealth


You had 5 spell levels left.
You didn't know any spells.

Dungeon Overview and Level Annotations

Branches:
Dungeon (4/15)
 Temple: D:4-7

Altars:
Ashenzari
Okawaru
Vehumet

Annotations:
D:4 Githyanki's ghost, average DDBe


Innate Abilities, Weirdness & Mutations

You reflexively headbutt those who attack you in melee.
You have a pair of horns on your head.


Message History

You headbutt Githyanki's ghost.
Githyanki's ghost is heavily damaged.
Githyanki's ghost misses you. You furiously retaliate!
You headbutt Githyanki's ghost. You hit Githyanki's ghost.
You headbutt Githyanki's ghost.
Githyanki's ghost is severely damaged.
Githyanki's ghost completely misses you.
You hit Githyanki's ghost but do no damage.
Githyanki's ghost is severely damaged.
Githyanki's ghost hits you but does no damage.
You hit Githyanki's ghost but do no damage.
Your headbutt misses Githyanki's ghost.
Githyanki's ghost is severely damaged.
Githyanki's ghost hits you!
* * * LOW HITPOINT WARNING * * *
You hit Githyanki's ghost but do no damage.
You headbutt Githyanki's ghost.
Githyanki's ghost is severely damaged.
Githyanki's ghost hits you.
You die...

#.... #... #... #(.. ..#
#S# #W## #.@# # #..# .#
######..##.#####
#...............
#........#.#####
#....#.#.#+#####
#....._.........
#....#.#........
###############....).....


You could see Githyanki's ghost and an adder.

Vanquished Creatures
  3 orc priests (D:3)
  2 hounds
  3 orc wizards (D:3)
  4 adders
  3 oozes
  A worm (D:3)
  3 giant geckos
  15 orcs (D:3)
  10 bats
  4 giant cockroaches
  12 goblins
  11 hobgoblins
  8 kobolds
  3 giant newts
  2 jackals (D:3)
  2 quokkas
  9 rats
95 creatures vanquished.

Notes
Turn   | Place    | Note
--------------------------------------------------------------
     0 | D:1      | requice the Minotaur Berserker began the quest for the Orb.
     0 | D:1      | Reached XP level 1. HP: 19/19 MP: 0/0
     2 | D:1      | Noticed an octopode
     2 | D:1      | Noticed a felid
     4 | D:1      | Noticed a draconian
     6 | D:1      | Noticed a naga
     8 | D:1      | Noticed a centaur
     8 | D:1      | Noticed a spriggan
    10 | D:1      | Noticed a human
    10 | D:1      | Noticed a gargoyle
    12 | D:1      | Noticed an elf
    12 | D:1      | Noticed a ghoul
    14 | D:1      | Noticed a merfolk
    16 | D:1      | Noticed a demigod
    16 | D:1      | Noticed a vampire
    18 | D:1      | Noticed a tengu
    18 | D:1      | Noticed an ogre
    20 | D:1      | Noticed a demonspawn
    22 | D:1      | Noticed a vine stalker
    24 | D:1      | Noticed a troll
    24 | D:1      | Noticed a minotaur
    26 | D:1      | Noticed a dwarf
    26 | D:1      | Noticed a formicid
   110 | D:1      | Reached skill level 4 in Axes
   160 | D:1      | Reached XP level 2. HP: 21/26 MP: 1/1
   493 | D:1      | Reached skill level 5 in Axes
   493 | D:1      | Reached XP level 3. HP: 25/31 MP: 2/2
   552 | D:1      | Acquired Trog's second power
  1369 | D:2      | Found a radiant altar of Vehumet.
  1383 | D:2      | Reached XP level 4. HP: 39/39 MP: 3/3
  1455 | D:2      | Found an iron altar of Okawaru.
  1836 | D:3      | Reached skill level 6 in Axes
  2005 | D:3      | Upgraded the game from 0.17-a0-1115-g0372368 to 0.17-a0-1129-g5854844
  2167 | D:3      | Reached skill level 1 in Stealth
  2167 | D:3      | Reached XP level 5. HP: 38/45 MP: 4/4
  2298 | D:3      | Reached skill level 7 in Axes
  2639 | D:3      | Reached skill level 8 in Axes
  2639 | D:3      | Reached XP level 6. HP: 4/51 MP: 5/5
  3698 | D:4      | Found a shattered altar of Ashenzari.
  3717 | D:4      | Noticed Githyanki's ghost (average DDBe)
  3736 | D:4      | HP: 1/51 [Githyanki's ghost (8)]
  3737 | D:4      | Slain by Githyanki's ghost

Vault maps used:
D:1:      kb_arrival_jail, serial_forest, infiniplex_forest_straight_2,
          infiniplex_forest_lined_3, infiniplex_forest_clump_curved,
          infiniplex_forest_corner_2, infiniplex_forest_clump_medium,
          infiniplex_forest_corner_1, infiniplex_forest_corner_2,
          infiniplex_forest_straight_1, st_stairs_10
D:2:      okawaru_metal_pillars_1_2, vehumet_crystals, first_bread
D:3:      serial_park_tiny_1, minmay_misc_feat_iff, kennysheep_generic_room_8
D:4:      ashenzari_altar_1, nemelex_xobeh_ov_fountains_minmay, bh_chokoban

Action                   |  1- 3 |  4- 6 || total
-------------------------+-------+-------++-------
Melee: Hand axe          |    76 |   151 ||   227
Invok: Berserk           |       |     2 ||     2
  Eat: Chunk             |     1 |     7 ||     8
       Fruit             |       |     2 ||     2
